 Dungeon Crawl Stone Soup version 0.30-a0-629-gd54f4be4f7 (webtiles) character file.

Game seed: 2758538178072546211

1517 Mitcholas the Skirmisher (level 8, -2/48 HPs)
             Began as a Tengu Hunter on Jan 12, 2023.
             Slain by a hound (5 damage)
             ... on level 4 of the Dungeon.
             The game lasted 00:18:52 (5178 turns).

Mitcholas the Skirmisher (Tengu Hunter)             Turns: 5178, Time: 00:18:53

Health: -2/48      AC:  4    Str: 11    XL:     8   Next: 83%
Magic:  9/9        EV: 17    Int: 10    God:
Gold:   325        SH:  0    Dex: 20    Spells: 7/7 levels left

rFire   . . .      SeeInvis .    a - +0 shortbow
rCold   . . .      Faith    .    (shield currently unavailable)
rNeg    . . .      Spirit   .    w - +1 leather armour {rPois}
rPois   +          Reflect  .    (helmet restricted)
rElec   .          Harm     .    (no cloak)
rCorr   .          Rampage  .    (no gloves)
Will    .....                    (boots unavailable)
Stlth   +++                      (no amulet)
HPRegen 0.28/turn                (no ring)
MPRegen 0.11/turn                (no ring)

@: flying quickly and evasively, invisible, quick
A: beak, talons 3, nimble flight
a: no special abilities


You were on level 4 of the Dungeon.
You visited 2 branches of the dungeon, and saw 6 of its levels.

You collected 325 gold pieces.

Inventory:

Hand Weapons
 a - a +0 shortbow (weapon)
Missiles
 k - 5 silver javelins
Armour
 w - a +1 leather armour of poison resistance (worn)
Wands
 l - a wand of acid (1)
 n - a wand of flame (28)
 o - a wand of digging (7)
 r - a wand of polymorph (8)
Scrolls
 b - 3 scrolls of immolation
 d - 4 scrolls of teleportation
 e - 2 scrolls of enchant weapon {unknown}
 f - 2 scrolls of summoning {unknown}
 h - 4 scrolls of identify {unknown}
 p - 2 scrolls of fear {unknown}
 q - a scroll of blinking {unknown}
 u - a scroll of noise {unknown}
Potions
 g - 2 potions of curing {unknown}
 i - 3 potions of invisibility
 j - 2 potions of flight {unknown}
 m - a potion of cancellation {unknown}
 s - a potion of heal wounds {unknown}
 t - a potion of mutation {unknown}
 v - 2 potions of brilliance {unknown}


   Skills:
 + Level 4.9 Fighting
 * Level 8.4 Ranged Weapons
 - Level 4.0 Armour
 + Level 5.4 Dodging
 - Level 4.0 Stealth
 + Level 0.7 Evocations


You had 7 spell levels left.
You didn't know any spells.
Your spell library contained the following spells:

 Spells                   Type           Power      Damage    Failure   Level
 Beastly Appendage        Tmut           0%         N/A       43%         1
 Necrotise                Necr           0%         1d4       43%         1
 Wereblood                Tmut           0%         N/A       58%         2
 Spider Form              Tmut/Pois      0%         N/A       82%         3
 Vampiric Draining        Necr           0%         2d6       82%         3
 Animate Dead             Necr           0%         N/A       99%         4
 Agony                    Necr           0%         N/A       100%        5
 Borgnjor's Vile Clutch   Necr/Erth      0%         N/A       100%        5
 Death Channel            Necr           0%         N/A       100%        6


Dungeon Overview and Level Annotations

Branches:
Dungeon (5/15)             Temple (1/1) D:4

Altars:
Dithmenos
Fedhas
Gozag
Hepliaklqana
Makhleb
Qazlal
Ru
Sif Muna
Trog
Vehumet
Xom
Yredelemnul
Zin


Innate Abilities, Weirdness & Mutations

You have a beak for a mouth.
You have claws for feet.
Your magical nature lets you fly swiftly and evasively.


Message History

The adder attacks as you move away! The adder misses you.
You feel sick.
You feel sick. The adder attacks as you move away! The adder misses you.
You feel sick.
There is an open door here.
You feel sick.
You are no longer poisoned.
The adder barely misses you.
There is an open door here.
The adder attacks as you move away! The adder barely misses you.
The adder attacks as you move away! The adder misses you.
The adder closely misses you. The adder attacks as you move away!
The adder misses you. The hound bites you.
There is a stone staircase leading up, spattered with blood here.
The adder completely misses you. The hound bites you. The adder bites you.
* * * LOW HITPOINT WARNING * * *
You are poisoned.
The adder poisons you! The hound closely misses you.
You fly upwards.
You feel very sick.
There is a stone staircase leading down here.
The adder attacks as you move away! The adder barely misses you.
The hound attacks as you move away! The hound barely misses you.
You feel sick. The adder attacks as you move away! The adder bites you.
* * * LOW HITPOINT WARNING * * *
You feel sick.
You feel sick. The hound barely misses you.
It was a potion of invisibility.
You fade into invisibility!
You are no longer corroded.
You feel sick. The hound barely misses you. The hound bites you.
* * * LOW HITPOINT WARNING * * *
The hound attacks as you move away! The hound closely misses you.
You feel sick.
You are no longer poisoned.
The hound attacks as you move away! The hound bites you.
* * * LOW HITPOINT WARNING * * *
The hound closely misses you. The hound attacks as you move away!
The hound barely misses you. The hound bites you.
You die...

####### #.# #
###################.# #
#...................# #
#.################..# #.#
#..# # ##.## #..#
########...##### #.)#
...............######## #..#
########...###..@h....# #..#
# ##.## ########.# #..# #
#.### #S# #..### ##### #...#
#.# #....# ....# ###.# ##.##
#....# .##.# ###.#
##...###..### .##.# ##.#.#
###>....##..#
.##.####.#..#####.......##..#
..).....###........)....##..#


You could see a hound.

Vanquished Creatures
  Sigmund (D:3)
  An orc warrior (D:5)
  A black bear (D:5)
  3 ogres
  A phantom (D:5)
  A necrophage (D:4)
  2 scorpions
  2 jellies
  5 hounds
  An orc priest (D:4)
  An iguana (D:4)
  Ijyb (D:4)
  4 orc wizards
  Terence (D:3)
  Robin (D:3)
  9 adders
  A shadow imp (D:5)
  An ufetubus (D:5)
  A worm (D:2)
  3 dart slugs
  16 orcs
  10 ball pythons
  4 bats
  5 endoplasms
  7 giant cockroaches
  14 goblins
  4 hobgoblins
  6 jackals
  6 kobolds
  3 quokkas
  3 frilled lizards (D:1)
  4 rats
123 creatures vanquished.

Notes
Turn   | Place    | Note
-------+----------+-------------------------------------------
     0 | D:1      | Mitcholas the Tengu Hunter began the quest for the Orb.
     0 | D:1      | Reached XP level 1. HP: 12/12 MP: 2/2
   110 | D:1      | Reached XP level 2. HP: 17/17 MP: 3/3
   407 | D:1      | Reached XP level 3. HP: 20/21 MP: 4/4
   687 | D:2      | Reached skill level 1 in Armour
   851 | D:2      | Reached skill level 5 in Ranged Weapons
   851 | D:2      | Reached XP level 4. HP: 27/27 MP: 5/5
  1354 | D:3      | Noticed Sigmund
  1473 | D:3      | Gained mutation: Your magical nature lets you fly swiftly
                  | and evasively. [Tengu growth]
  1473 | D:3      | Reached XP level 5. HP: 18/31 MP: 6/6
  1565 | D:3      | Noticed Terence
  1570 | D:3      | Killed Terence
  1649 | D:3      | Noticed Robin
  1655 | D:3      | Killed Robin
  2203 | D:3      | Killed Sigmund
  2204 | D:3      | Reached skill level 6 in Ranged Weapons
  2204 | D:3      | Reached XP level 6. HP: 37/37 MP: 7/7
  2326 | D:3      | Reached XP level 7. HP: 19/41 MP: 8/8
  2749 | D:4      | Found a staircase to the Ecumenical Temple.
  2753 | D:4      | Noticed Ijyb
  3076 | D:4      | Killed Ijyb
  3137 | Temple   | Entered the Ecumenical Temple
  3137 | Temple   | Found a transporter.
  3137 | Temple   | Found a transporter.
  3139 | Temple   | Found a transporter.
  3139 | Temple   | Found a transporter.
  3494 | D:5      | Entered Level 5 of the Dungeon
  3609 | D:5      | Reached skill level 7 in Ranged Weapons
  3660 | D:5      | Reached XP level 8. HP: 48/48 MP: 9/9
  4512 | D:5      | Reached skill level 8 in Ranged Weapons
  4512 | D:5      | Reached skill level 5 in Dodging
  5175 | D:4      | HP: 2/48 [hound (3)]
  5178 | D:4      | Slain by a hound

Illustrated notes

Levels and vault maps discovered:
D:1:      onia_arrival_pyramid, layout_loops_cross
D:2:      layout_loops_ring, minmay_misc_feat_columns
D:3:      layout_basic, uniq_robin, uniq_terence, uniq_sigmund
D:4:      layout_loops_ring, minmay_temple_entry_glass, uniq_ijyb
D:5:      minmay_chambers_of_threes, layout_basic
Temple:   hellmonk_temple_divided_pantheon

Skill      XL: |  1  2  3  4  5  6  7  8 |
---------------+-------------------------+-----
Armour         | 1 2 3 4 |  4.0
Ranged Weapons | 5 6 7 8 |  8.4
Stealth        | 2 3 4 |  4.0
Dodging        | 3 4 5 |  5.4
Fighting       | 3 4 |  4.9
Evocations     | |  0.7

Action                   |  1- 3 |  4- 6 |  7- 9 || total
-------------------------+-------+-------+-------++-------
Melee: Shortbow          |       |     1 |       ||     1
 Fire: Shortbow          |    72 |   120 |   230 ||   422
Throw: Javelin           |       |     3 |       ||     3
Evoke: Wand              |       |     4 |     2 ||     6
  Use: Scroll            |       |       |     1 ||     1
       Potion            |       |       |     1 ||     1
Armor: Leather armour    |     5 |    20 |     8 ||    33
Dodge: Dodged            |    11 |    50 |   119 ||   180

Table legend: (Time is in decaauts)
 A = Elapsed time spent in this place.
 B = Non-inter-level travel time spent in this place.
 C = Inter-level travel time spent in this place.
 D = Time resting spent in this place.
 E = Time spent auto-exploring this place.
 F = Levels seen in this place.
 G = Mean time per level.
                   A        B        C        D        E       F      G
               +--------+--------+--------+--------+--------+-----+--------+
         Total |   5037 |   4809 |    228 |    845 |   2767 |   6 |  839.5 |
       Dungeon |   5006 |   4786 |    220 |    845 |   2762 |   5 | 1001.2 |
        Temple |     30 |     22 |      8 |      0 |      5 |   1 |   30.0 |
               +--------+--------+--------+--------+--------+-----+--------+

Top non-repeatable levels by time:
     D:5: 1327 daAuts
     D:4: 1208 daAuts
     D:3: 1069 daAuts
     D:2: 710 daAuts
     D:1: 690 daAuts
  Temple: 30 daAuts
